AoeStats
← AiM | CanvaL

Pilgrims

510070448Analyzed
4v4 RM · 2d ago on Sep 29, 2026· 49m 55s· 8 players
Game mode
Random Map
Map size
Large (8 player)
Population
200
Speed
Normal
Resources
Standard
Victory
Conquest
Starting age
Dark Age
Ending age
Imperial Age
RankedLock teamsTeams togetherTeam positionsShared explorationLock speedFull tech treeHidden civsTurbo modeCheats
Victory
Defeat
🇨🇳 Vietnamese · China
1320
+16
🇹🇷 Burgundians · Türkiye
1285
+18
🇹🇼 Danes · Taiwan
1264
+19
🇳🇴 Aztecs · Norway
1229
+20
🇨🇳 Persians · China
1361
-20
🇹🇼 Varangians · Taiwan
1344
-19
🇹🇼 Spanish · Taiwan
1335
-19
🇨🇱 Sicilians · Chile
1244
-15
SabahIctimasi
3:43 Loom
9:05 Double-Bit Axe
9:41 Fishing Lines
13:18 Feudal Age
14:25 Gillnets
16:18 Bow Saw
18:08 Gold Mining
19:05 Fletching
22:32 Horse Collar
26:14 Castle Age
26:28 Wheelbarrow
26:39 Gold Shaft Mining
26:18 Heavy Plow
28:19 Two-Man Saw
27:52 Crop Rotation
28:43 Hand Cart
28:16 Town Watch
32:47 Stone Mining
36:44 Stone Shaft Mining
40:10 Imperial Age
37:52 Scale Barding Armor
37:58 Forging
40:43 Husbandry
40:03 Cavalier
41:15 Ballistics
41:05 Masonry
40:51 Murder Holes
41:57 Chemistry
41:48 Chain Barding Armor
42:03 Iron Casting
41:42 Burgundian Vineyards
42:44 Conscription
43:04 Plate Barding Armor
42:13 Paladin
44:48 Blast Furnace
45:25 Town Patrol
46:59 Light Cavalry
48:29 Hussar
Gin
7:14 Loom
11:15 Feudal Age
15:34 Castle Age
22:30 Horse Collar
29:44 Wheelbarrow
29:02 Double-Bit Axe
32:56 Imperial Age
30:53 Scale Mail Armor
31:03 Forging
31:55 Hand Cart
32:09 Chain Mail Armor
32:28 Gold Mining
33:38 Iron Casting
33:08 Atlatl
34:22 Conscription
34:48 Garland Wars
35:16 Gold Shaft Mining
34:12 Elite Skirmisher
35:02 Elite Jaguar Warrior
36:22 Plate Mail Armor
37:32 Blast Furnace
36:23 Fletching
36:34 Padded Archer Armor
37:20 Ballistics
38:00 Chemistry
38:13 Chemistry
37:09 Murder Holes
37:58 Imperial Skirmisher
39:43 Bodkin Arrow
40:02 Pikeman
41:15 Bracer
41:38 Leather Archer Armor
46:16 Bow Saw
椰子
12:10 Feudal Age
11:39 Loom
16:15 Castle Age
14:38 Double-Bit Axe
20:05 Bow Saw
25:17 Fletching
30:42 Bodkin Arrow
37:35 Imperial Age
36:12 Squires
35:33 Pikeman
38:47 Scale Mail Armor
46:22 Horse Collar
47:38 Halberdier
50:07 Chain Mail Armor
FF熊熊
8:19 Loom
12:01 Feudal Age
14:02 Forging
14:00 Town Watch
14:16 Double-Bit Axe
15:31 Fishing Lines
18:34 Wheelbarrow
21:45 Castle Age
19:41 Gold Mining
19:39 Horse Collar
20:20 Fletching
20:48 Padded Archer Armor
20:31 Man-at-Arms
21:40 Stone Mining
23:35 Bow Saw
22:54 Crossbowman
23:39 Bodkin Arrow
29:56 Hand Cart
33:47 Imperial Age
32:18 Ballistics
32:01 Padded Archer Armor
32:47 Masonry
32:50 Fortified Wall
33:47 Murder Holes
35:06 Hoardings
35:24 Bracer
36:36 Chemistry
35:17 Treadmill Crane
37:06 Paper Money
37:32 Squires
37:35 Scale Mail Armor
38:10 Iron Casting
44:04 Two-Man Saw
43:45 Arson
43:59 Pikeman
45:10 Chain Mail Armor
47:25 Halberdier
50:00 Heavy Plow
DeeperDeeper
8:57 Loom
10:45 Feudal Age
15:17 Castle Age
14:05 Double-Bit Axe
14:02 Horse Collar
15:07 Fishing Lines
16:05 Town Watch
16:33 Bow Saw
18:25 Wheelbarrow
19:35 Wheelbarrow
19:19 Bow Saw
18:50 Horse Collar
19:54 Bloodlines
22:51 Stone Mining
23:02 Heavy Plow
AiM | CanvaL
3:22 Loom
18:24 Feudal Age
GARCIA1979
5:16 Loom
10:46 Feudal Age
21:21 Castle Age
19:16 Double-Bit Axe
20:47 Wheelbarrow
21:03 Scale Mail Armor
22:41 Medium Warships
23:31 Town Watch
24:07 Bow Saw
24:49 Horse Collar
25:08 Gold Mining
25:09 Stone Mining
27:20 Stone Shaft Mining
27:15 Fishing Lines
30:26 Imperial Age
29:23 Chain Mail Armor
29:53 Gillnets
30:10 Fletching
32:04 Plate Mail Armor
34:55 Bloodlines
34:45 Husbandry
36:57 Conscription
41:26 Light Cavalry
43:58 Heavy Plow
43:42 Hussar
45:36 Elite Conquistador
48:26 Supremacy
48:43 Hoardings
48:39 Scale Barding Armor
48:49 Forging
49:13 Bodkin Arrow
长相犯罪
4:35 Loom
11:56 Feudal Age
12:25 Fishing Lines
12:37 Double-Bit Axe
12:50 Gold Mining
13:15 Fletching
13:25 Padded Archer Armor
18:57 Castle Age
17:35 Wheelbarrow
19:34 Bow Saw
19:37 Medium Warships
19:19 Gillnets
19:38 Bodkin Arrow
19:59 Leather Archer Armor
20:28 Gold Shaft Mining
24:47 Stone Mining
26:36 Hand Cart
26:07 Town Watch
29:04 Imperial Age
27:09 Horse Collar
28:13 Scale Barding Armor
28:19 Forging
29:10 Forging
29:00 Cavalier
30:34 Chain Barding Armor
30:54 Iron Casting
30:55 Husbandry
31:05 Bloodlines
31:54 Heavy Plow
33:52 Crop Rotation
32:59 Savar
36:06 Stone Shaft Mining
38:48 Guilds
39:48 Blast Furnace
39:23 Plate Barding Armor
41:36 Conscription
Connection lost

Rejoining the realm…

Still unreachable

The connection could not be restored.

Session expired

The server has moved on; the page needs a fresh start.